AoeStats
← [Massa] Edo

African Clearing

504863732Analyzed
2v2 RM · 24d ago on Sep 6, 2026· 56m 11s· 4 players
Game mode
Random Map
Map size
Medium (4 player)
Population
200
Speed
Normal
Resources
Standard
Victory
Conquest
Starting age
Dark Age
Ending age
Imperial Age
RankedLock teamsTeams togetherTeam positionsShared explorationLock speedFull tech treeHidden civsTurbo modeCheats
Victory
Defeat
🇧🇷 Malians · Brazil
1436
+12
🇧🇷 Hindustanis · Brazil
1405
+13
🇨🇱 Italians · Chile
1382
-13
🇹🇷 Huns · Türkiye
1317
-12
kalelc
10:47 Loom
12:53 Feudal Age
16:28 Castle Age
14:18 Double-Bit Axe
15:29 Horse Collar
16:12 Stone Mining
24:39 Fletching
27:09 Wheelbarrow
28:55 Bodkin Arrow
34:05 Imperial Age
32:01 Ballistics
32:21 Padded Archer Armor
32:22 Heavy Plow
32:56 Bow Saw
34:55 Bracer
36:47 Chemistry
37:25 Leather Archer Armor
40:24 Ring Archer Armor
41:11 Scale Barding Armor
41:16 Forging
42:19 Husbandry
42:29 Bloodlines
43:39 Chain Barding Armor
43:55 Iron Casting
43:24 Light Cavalry
46:59 Blast Furnace
46:01 Cavalier
48:06 Plate Barding Armor
55:13 Hussar
Cacko
10:40 Loom
13:30 Feudal Age
18:04 Castle Age
17:14 Stone Mining
17:16 Double-Bit Axe
27:31 Bow Saw
28:50 Fletching
29:44 Wheelbarrow
29:41 Gold Mining
33:36 Horse Collar
37:13 Imperial Age
36:23 Bodkin Arrow
36:28 Padded Archer Armor
37:16 Gold Shaft Mining
37:27 Ballistics
37:11 Heavy Plow
38:01 Leather Archer Armor
38:52 Parthian Tactics
39:54 Chemistry
39:33 Bloodlines
40:06 Thumb Ring
40:20 Bracer
41:03 Heavy Cavalry Archer
42:50 Conscription
47:37 Husbandry
48:03 Hand Cart
47:33 Town Watch
48:55 Two-Man Saw
48:39 Light Cavalry
49:27 Scale Barding Armor
49:33 Forging
50:06 Hussar
51:09 Chain Barding Armor
52:20 Iron Casting
53:53 Plate Barding Armor
[Massa] Edo
7:09 Loom
12:22 Feudal Age
12:50 Double-Bit Axe
16:53 Forging
18:13 Horse Collar
19:02 Scale Barding Armor
20:44 Wheelbarrow
24:52 Castle Age
24:38 Bloodlines
25:59 Husbandry
33:13 Bow Saw
33:27 Heavy Plow
33:31 Gold Mining
37:43 Imperial Age
35:47 Chain Barding Armor
37:09 Iron Casting
37:12 Gold Shaft Mining
36:33 Stone Mining
36:59 Hand Cart
36:30 Town Watch
37:23 Scale Mail Armor
37:25 Squires
37:10 Arson
38:45 Conscription
38:56 Chain Mail Armor
38:36 Elite Gbeto
40:05 Plate Barding Armor
41:27 Plate Mail Armor
41:28 Fletching
41:28 Elite Skirmisher
42:14 Thumb Ring
42:34 Bodkin Arrow
42:39 Padded Archer Armor
43:54 Ballistics
44:34 Chemistry
43:30 Murder Holes
45:14 Leather Archer Armor
45:31 Treadmill Crane
46:02 Masonry
46:36 Ring Archer Armor
48:05 Farimba
47:28 Light Cavalry
49:15 Hoardings
48:43 Tigui
52:24 Crossbowman
53:40 Arbalester
tg
9:42 Loom
12:03 Feudal Age
13:01 Double-Bit Axe
18:19 Forging
22:46 Castle Age
21:03 Scale Mail Armor
21:35 Horse Collar
21:46 Gold Mining
23:02 Stone Mining
23:32 Scale Barding Armor
22:49 Light Cavalry
23:39 Bloodlines
23:30 Husbandry
24:35 Bow Saw
27:28 Stone Shaft Mining
28:00 Wheelbarrow
35:58 Imperial Age
34:12 Chain Mail Armor
35:02 Chain Barding Armor
35:45 Hand Cart
38:29 Elite Ghulam
41:36 Iron Casting
40:28 Elite Ghulam
41:31 Conscription
44:59 Blast Furnace
45:28 Heavy Plow
46:29 Two-Man Saw
46:06 Stone Shaft Mining
45:59 Fletching
47:07 Plate Barding Armor
47:15 Heavy Camel Rider
49:05 Imperial Camel Rider
49:52 Bodkin Arrow
50:37 Bracer
52:07 Ballistics
52:47 Chemistry
51:53 Siege Engineers
51:58 Masonry
51:43 Hussar
53:57 Hoardings
53:23 Shatagni
53:30 Arson
53:38 Town Watch
54:43 Squires
55:00 Murder Holes
Connection lost

Rejoining the realm…

Still unreachable

The connection could not be restored.

Session expired

The server has moved on; the page needs a fresh start.